 Dungeon Crawl Stone Soup version 0.21.0-3-g78d12a8 (webtiles) character file.

911 mopl the Insei (level 8, -2/54 HPs)
             Began as a Barachi Transmuter on Jan 9, 2018.
             Was an Initiate of Cheibriados.
             Slain by a hound (3 damage)
             ... on level 5 of the Dungeon.
             The game lasted 00:09:46 (5456 turns).

mopl the Insei (Barachi Transmuter)                 Turns: 5456, Time: 00:09:46

Health: -2/54      AC:  2    Str: 13    XL:     8   Next: 8%
Magic:  12/12      EV: 20    Int: 17    God:    Cheibriados [......]
Gold:   202        SH:  0    Dex: 18    Spells: 3/13 levels left

rFire    . . .     SeeInvis .     - Unarmed
rCold    . . .     Gourm    .   (shield currently unavailable)
rNeg     . . .     Faith    .   (armour currently unavailable)
rPois    .         Spirit   .   (helmet currently unavailable)
rElec    .         Reflect  .   (cloak currently unavailable)
rCorr    .         Harm     .   (gloves currently unavailable)
MR       .....                  (boots currently unavailable)
Stlth    ++........             D - amulet of magic regeneration
HPRegen  0.18/turn              f - ring of flight
MPRegen  0.38/turn              G - ring of poison resistance

@: spider-form, very slow
A: tiny, +LOS, swims
a: End Transformation, Bend Time, Renounce Religion, Evoke Flight


You were on level 5 of the Dungeon.
You worshipped Cheibriados.
Cheibriados was noncommittal.
You were near starving.
You were a venomous arachnid creature.
You visited 2 branches of the dungeon, and saw 6 of its levels.

You collected 202 gold pieces.

Inventory:

Hand Weapons
 l - a +0 dagger of holy wrath
Missiles
 a - 43 arrows
 u - a throwing net (quivered)
 A - 31 poisoned needles
 B - 5 tomahawks
Armour
 b - a +0 robe (melded)
 e - a +1 pair of gloves (melded)
 i - a +0 pair of boots (melded)
 p - a +0 helmet (melded)
Jewellery
 f - a ring of flight (left front leg)
 o - an uncursed ring of fire
 D - an amulet of magic regeneration (around neck)
 G - a ring of poison resistance (right front leg)
Wands
 s - a wand of acid (10)
 t - a wand of enslavement (10)
 z - a wand of iceblast (10)
Scrolls
 x - a scroll of magic mapping {unknown}
 y - 3 scrolls of remove curse
 H - a scroll of noise {unknown}
 I - a scroll of random uselessness {unknown}
Potions
 h - a potion of mutation {!q}
 j - 2 potions of agility
 k - a potion of might
 m - 3 potions of curing {unknown}
 n - a potion of berserk rage {unknown}
 q - a potion of heal wounds {unknown}
 v - a potion of resistance {unknown}
 w - a potion of cancellation {unknown}
 C - 2 potions of lignification {!q}
 F - a potion of ambrosia {unknown}
 J - a potion of degeneration {unknown}
 K - a potion of invisibility {unknown}
Books
 c - a book of Changes

   Spells                             Type                      Level
   a - Beastly Appendage              Transmutation                1
   b - Sticks to Snakes               Transmutation                2
   c - Spider Form                    Transmutation/Poison         3
   d - Ice Form                       Ice/Transmutation            4
   e - Blade Hands                    Transmutation                5
 E - a book of Maledictions

   Spells                             Type                      Level
   a - Corona                         Hexes                        1
   b - Ensorcelled Hibernation        Hexes/Ice                    2
   c - Confuse                        Hexes                        3
   d - Tukima's Dance                 Hexes                        3
   e - Dazzling Spray                 Conjuration/Hexes            3
Comestibles
 d - 9 rations


   Skills:
 - Level 1.2 Fighting
 - Level 2.1 Dodging
 * Level 7.7 Unarmed Combat
 - Level 3.1 Spellcasting
 + Level 5.3 Transmutations
 + Level 2.3 Ice Magic
 - Level 2.0 Poison Magic
 + Level 1.5 Invocations


You had 3 spell levels left.
You knew the following spells:

 Your Spells              Type           Power        Failure   Level  Hunger
a - Beastly Appendage     Tmut           ###...       8%          1    None
b - Spider Form           Tmut/Pois      ###.......   28%         3    ###....
d - Ice Form              Ice/Tmut       ###.....     56%         4    ####...
w - Sticks to Snakes      Tmut           ###.....     11%         2    ##.....


Dungeon Overview and Level Annotations

Branches:
Dungeon (5/15)             Temple (1/1) D:4

Altars:
Ashenzari
Cheibriados
Dithmenos
Elyvilon
Fedhas
Gozag
Hepliaklqana
Makhleb
Nemelex Xobeh
Okawaru
Qazlal
Ru
Sif Muna
Trog
Uskayaw
Vehumet
Wu Jian
Xom
Yredelemnul
Zin
The Shining One


Innate Abilities, Weirdness & Mutations

Shadows flee at your approach. (+LOS)
You can swim through water.
((You cover ground slowly.))
((You can hop short distances.))


Message History

You feel clever. The hound misses you. The jackal barely misses you.
The jackal closely misses you. The hound misses you.
You see here an arrow.
The jackal bites you.
* * * LOW HITPOINT WARNING * * *
The hound bites you.
* * * LOW HITPOINT WARNING * * *
Unknown command.
As you read the scroll labeled APOCAL HAZAI, it crumbles to dust.
It is a scroll of enchant armour.
Your +0 pair of gloves glows green for a moment.
The hound misses you. The jackal closely misses you. The jackal misses you.
The hound bites you but does no damage. The jackal completely misses you.
As you read the scroll labeled NEAPEN MOPUB, it crumbles to dust.
The scroll dissolves into smoke.
It was a scroll of fog.
The jackal bites you.
* * * LOW HITPOINT WARNING * * *
The hound bites you.
You die...

# # ########.###....#
...........#....###
##########.#....#.. ..
#........# ...
############.........
....###........(.#..<......
...(.....r§§§....#.........
#)....§hh§§.############.
#.....hhs§§.#....### #.
#....)#####.'(.....## #.
#..... ###.......## ##
#..... ####.....## #.....
###....# #..... ###...##
#..... Zs##....# #.....
#.(o ##...## ##.... #$$
#...#.


You could see a hound, a quokka and 3 jackals.

Vanquished Creatures
  A hungry ghost (D:5)
  A centaur (D:5)
  An ogre (D:5)
  A scorpion (D:5)
  A crimson imp (D:5)
  A jelly (D:5)
  4 orc priests (D:3)
  3 orc wizards (D:3)
  Ijyb (D:3)
  Terence (D:3)
  3 worker ants
  A hound zombie (D:5)
  A worker ant zombie (D:4)
  4 adders
  A shadow imp (D:2)
  3 worms
  4 dart slugs
  A leopard gecko (D:1)
  12 orcs
  2 bats (D:3)
  6 giant cockroaches
  3 goblins
  6 hobgoblins
  17 jackals
  9 kobolds
  A ball python (D:4)
  4 frilled lizards
  7 rats
100 creatures vanquished.

Notes
Turn   | Place    | Note
-------+----------+-------------------------------------------
     0 | D:1      | mopl the Barachi Transmuter began the quest for the Orb.
     0 | D:1      | Reached XP level 1. HP: 15/15 MP: 3/3
   367 | D:1      | Reached XP level 2. HP: 21/21 MP: 3/5
   374 | D:1      | Learned a level 2 spell: Sticks to Snakes
   834 | D:1      | Reached skill level 4 in Unarmed Combat
   852 | D:1      | Reached XP level 3. HP: 23/26 MP: 4/6
   860 | D:1      | Learned a level 3 spell: Spider Form
  1300 | D:2      | Reached skill level 3 in Transmutations
  1802 | D:2      | Reached skill level 1 in Poison Magic
  1802 | D:2      | Reached XP level 4. HP: 31/32 MP: 7/7
  2192 | D:3      | Reached skill level 5 in Unarmed Combat
  2296 | D:3      | Noticed Terence
  2304 | D:3      | Killed Terence
  2304 | D:3      | Reached XP level 5. HP: 32/37 MP: 4/8
  2379 | D:3      | Reached skill level 2 in Poison Magic
  2388 | D:3      | Reached XP level 6. HP: 29/43 MP: 1/9
  2453 | D:3      | Reached skill level 4 in Transmutations
  2468 | D:3      | Reached skill level 6 in Unarmed Combat
  2966 | D:3      | Noticed Ijyb
  3267 | D:3      | Killed Ijyb
  3469 | D:3      | Found a sparkling altar of Nemelex Xobeh.
  3469 | D:3      | Found an opulent altar of Gozag.
  3550 | D:4      | Found a staircase to the Ecumenical Temple.
  3558 | Temple   | Entered the Ecumenical Temple
  3837 | D:4      | Found a shattered altar of Ashenzari.
  3840 | D:4      | Found a radiant altar of Vehumet.
  3843 | D:4      | Found a sacrificial altar of Ru.
  4435 | D:4      | Reached XP level 7. HP: 48/48 MP: 7/10
  4449 | D:4      | Learned a level 4 spell: Ice Form
  4636 | D:5      | Entered Level 5 of the Dungeon
  4756 | D:5      | Found a snail-covered altar of Cheibriados.
  4778 | D:5      | Became a worshipper of Cheibriados the Contemplative
  4856 | D:5      | Reached skill level 7 in Unarmed Combat
  4861 | D:5      | Reached skill level 1 in Ice Magic
  4868 | D:5      | Found a blossoming altar of Fedhas.
  4931 | D:5      | Noticed a hungry ghost
  4936 | D:5      | Reached skill level 5 in Transmutations
  4947 | D:5      | Killed a hungry ghost
  4947 | D:5      | Reached skill level 2 in Ice Magic
  4947 | D:5      | Reached skill level 1 in Invocations
  5452 | D:5      | Reached skill level 3 in Spellcasting
  5452 | D:5      | Reached XP level 8. HP: 7/54 MP: 12/12
  5454 | D:5      | HP: 2/54 [hound (3)]
  5456 | D:5      | Slain by a hound

Skill      XL: |  1  2  3  4  5  6  7 |
---------------+----------------------+-----
Unarmed Combat | 4 5 6 7 |  7.7
Transmutations | 3 4 5 |  5.3
Poison Magic   | 1 2 |  2.0
Ice Magic      | 2 |  2.3
Invocations    | 1 |  1.5
Spellcasting   | 3 |  3.1
Fighting       | |  1.2
Dodging        | |  2.1

Action                   |  1- 3 |  4- 6 |  7- 9 || total
-------------------------+-------+-------+-------++-------
Melee: Unarmed           |    77 |   168 |    59 ||   304
       Headbutt          |     5 |       |       ||     5
       Kick              |     2 |       |       ||     2
       Punch             |       |     1 |       ||     1
 Cast: Beastly Appendage |    13 |       |       ||    13
       Spider Form       |     5 |    20 |     5 ||    30
 Abil: End Transformatio |     1 |     1 |     1 ||     3
       Hop               |       |       |     1 ||     1
Evoke: Wand              |       |     2 |     1 ||     3
  Use: Scroll            |       |     1 |     5 ||     6
       Potion            |       |     2 |       ||     2
  Eat: Chunk             |     4 |     8 |     5 ||    17
       Ration            |       |     1 |       ||     1
Armor: Robe              |    11 |    27 |     9 ||    47
       Skin              |       |     5 |     5 ||    10
Dodge: Dodged            |    38 |   132 |    57 ||   227
